 Dungeon Sprint DCSS version 0.31-a0-960-g0fca184906 (webtiles) character file.

Game seed: 5125163516111126522

1 rocky1 the Ruffian (level 1, -1/12 HPs)
             Began as a Tengu Shapeshifter on Oct 23, 2023.
             Was an Initiate of Gozag.
             Succumbed to a scorpion's poison
             ... in the Dungeon (Sprint VII: "The Pits").
             The game lasted 00:00:31 (67 turns).

rocky1 the Ruffian (Tengu Shapeshifter)               Turns: 67, Time: 00:00:32

Health: -1/12      AC:  2    Str: 14    XL:     1   Next: 20%
Magic:  2/2        EV: 12    Int: 10    God:    Gozag
Gold:   0          SH:  0    Dex: 13    Spells: 0/0 levels left

rFire   . .          .
                       - Unarmed
rCold   . . .        (no shield)
rNeg    . . .        a - +0 animal skin
rPois   .            (helmet currently unavailable)
rElec   .            (cloak currently unavailable)
rCorr   .            (gloves currently unavailable)
SInv    .            (boots unavailable)
Will    .....        (no amulet)
Stlth   +            (no ring)
HPRegen 0.22/turn    (no ring)
MPRegen 0.08/turn

%: no teleportation, acrobat
@: lethally poisoned (-1 -> -16), beast-form
A: beast (slay +1), beak, talons 3, acrobatic
a: Begin Untransformation, Renounce Religion, Potion Petition, Call Merchant,
Bribe Branch


You were in the Dungeon.
You worshipped Gozag.
Gozag was noncommittal.
You were a hulking beast.
You visited 1 branch

Inventory:

Armour
 a - a +0 animal skin (worn)
Talismans
 c - a beast talisman
 d - a flux talisman
Scrolls
 j - a scroll of blinking
 l - 2 scrolls of vulnerability
 m - 5 scrolls of amnesia
 n - a scroll of summoning
Potions
 b - a potion of lignification
 g - a potion of haste
 h - 4 potions of magic
 i - 3 potions of berserk rage
 k - 2 potions of invisibility


   Skills:
 + Level 1.0 Fighting
 + Level 2.2 Dodging
 + Level 3.5 Unarmed Combat
 + Level 3.0 Shapeshifting


You couldn't memorise any spells.
You didn't know any spells.
Your spell library was empty.

Dungeon Overview and Level Annotations

Branches:
Dungeon (1/1)

Altars:
Ashenzari
Cheibriados
Dithmenos
Elyvilon
Fedhas
Gozag
Hepliaklqana
Kikubaaqudgha
Makhleb
Nemelex Xobeh
Okawaru
Qazlal
Ru
Sif Muna
Trog
Uskayaw
Vehumet
Wu Jian
Xom
Yredelemnul
Zin
The Shining One
Jiyva
Lugonu


Innate Abilities, Weirdness & Mutations

You are a hulking beast.
Your limbs bulge with bestial killing power. (Slay +1)
You have a beak for a mouth.
You have claws for feet.
You can magically evade attacks while moving or waiting.


Message History

a +2 falchion; a +2 dagger
Things that are here:
a +2 mace; a +2 hand axe
Things that are here:
a +2 quarterstaff; a +2 trident
There is an open door here.
You open the door.
A scorpion comes into view.
You closely miss the scorpion. You peck the scorpion. You punch the scorpion.
The scorpion is moderately wounded.
The scorpion stings you.
You are poisoned.
The scorpion poisons you! The scorpion closely misses you.
You hit the scorpion but do no damage.
The scorpion is moderately wounded.
You feel sick. The scorpion stings you.
* * * LOW HITPOINT WARNING * * *
You hit the scorpion.
The scorpion is moderately wounded.
* * * LOW HITPOINT WARNING * * *
You feel sick. The scorpion closely misses you.
Unknown command.
You feel better. The scorpion stings you.
You are lethally poisoned!
The scorpion poisons you!
Unknown command.
You feel much better.
You feel sick. The scorpion stings you.
Unknown command.
You hit the scorpion. Your kick misses the scorpion.
The scorpion is heavily wounded.
You feel sick. The scorpion stings you.
* * * LOW HITPOINT WARNING * * *
You are more poisoned.
The scorpion poisons you!
Unknown command.
Okay, then.
You closely miss the scorpion. Your kick misses the scorpion.
The scorpion is heavily wounded.
You die...
Your body crumbles into a pile of gold.

############
#_________.#
#_________.#
#_______...###########++
##########'##...........
#..(.')))'.##......#..#.
##########.##...........
#......h....'...........
#+#####s#####......#..#.
..# #........... +..+
####'#####++ ####
#.......# #.......#
#.......# #...<...#
#.......#


You could see a scorpion.

Vanquished Creatures
  A bat skeleton (D)
1 creature vanquished.

Notes
Turn   | Place    | Note
-------+----------+-------------------------------------------
     0 | D        | rocky1 the Tengu Shapeshifter began the quest for the Orb.
     0 | D        | Reached XP level 1. HP: 12/12 MP: 2/2
    19 | D        | Found a bloodstained altar of Trog.
    19 | D        | Found a shimmering blue altar of Sif Muna.
    19 | D        | Found a viscous altar of Jiyva.
    19 | D        | Found a hazy altar of Hepliaklqana.
    19 | D        | Found an opulent altar of Gozag.
    20 | D        | Found a glowing golden altar of the Shining One.
    20 | D        | Found a glowing silver altar of Zin.
    20 | D        | Found a basalt altar of Yredelemnul.
    20 | D        | Found a shimmering altar of Xom.
    20 | D        | Found an ornate altar of the Wu Jian Council.
    20 | D        | Found a sacrificial altar of Ru.
    20 | D        | Found a stormy altar of Qazlal.
    20 | D        | Found an iron altar of Okawaru.
    20 | D        | Found a sparkling altar of Nemelex Xobeh.
    20 | D        | Found a burning altar of Makhleb.
    20 | D        | Found a blossoming altar of Fedhas.
    20 | D        | Found a white marble altar of Elyvilon.
    20 | D        | Found a shadowy altar of Dithmenos.
    20 | D        | Found a snail-covered altar of Cheibriados.
    24 | D        | Found a corrupted altar of Lugonu.
    24 | D        | Found a radiant altar of Vehumet.
    25 | D        | Found a broken altar of Ashenzari.
    25 | D        | Found an ancient bone altar of Kikubaaqudgha.
    25 | D        | Found a hide-covered altar of Uskayaw.
    27 | D        | Became a worshipper of Gozag Ym Sagoz the Greedy
    59 | D        | Noticed a scorpion
    67 | D        | Succumbed to a scorpion's poison

Illustrated notes

Levels and vault maps discovered:
D:        pitsprint [storerooms_1, entrance_room_1, metal_vault_5, armoury_1,
          mini_pit_1, grid_room_1, main_hall_1, silver_pit, the_coven_3,
          the_vestibule_1, steel_vault_1, golden_pit, hallway_of_sentries,
          crystal_vault_3, iron_vault_4, final_vault]

Skill      XL: |  1 |
---------------+----+-----
Shapeshifting  | 3 |  3.0
Fighting       | |  1.0
Dodging        | |  2.2
Unarmed Combat | |  3.5

Action                     || total
---------------------------++-------
  Melee: Unarmed           ||     7
         Peck              ||     1
         Punch             ||     1
    Use: Potion            ||     2
 Armour: Animal skin       ||     7
  Dodge: Dodged            ||     5

Table legend: (Time is in decaauts)
 A = Elapsed time spent in this place.
 B = Non-inter-level travel time spent in this place.
 C = Inter-level travel time spent in this place.
 D = Time resting spent in this place.
 E = Time spent auto-exploring this place.
 F = Levels seen in this place.
 G = Mean time per level.
                   A        B        C        D        E       F      G
               +--------+--------+--------+--------+--------+-----+--------+
         Total |     66 |     66 |      0 |      0 |      0 |   1 |   66.0 |
       Dungeon |     66 |     66 |      0 |      0 |      0 |   1 |   66.0 |
               +--------+--------+--------+--------+--------+-----+--------+

Top non-repeatable levels by time:
       D: 66 daAuts
